 Dungeon Crawl Stone Soup version 0.29-a0-92-gee772dd00f (webtiles) character file.

Game seed: 4059258286025404329

282 drugrobin the Poker (level 5, 0/41 HPs)
             Began as a Demigod Warper on Feb 10, 2022.
             Killed by divine providence
             ... invoked by an orc priest
              (14 damage)
             ... on level 4 of the Dungeon.
             The game lasted 00:13:06 (5290 turns).

drugrobin the Poker (Demigod Warper)                Turns: 5290, Time: 00:13:06

Health: 0/41       AC:  4    Str: 12    XL:     5   Next: 78%
Magic:  10/10      EV: 11    Int: 15    God:
Gold:   152        SH:  0    Dex: 13    Spells: 2/7 levels left

rFire   + . .      SeeInvis .   a - +0 halberd
rCold   . . .      Faith    .   (shield currently unavailable)
rNeg    . . .      Spirit   .   h - +0 leather armour
rPois   .          Reflect  .   s - +0 hat of Paranoia {Rampage rF+ Regen+ Str-4}
rElec   .          Harm     .   (no cloak)
rCorr   .          Rampage  +   n - +0 pair of gloves
Will    .....                   (no boots)
Stlth   +.........              (no amulet)
HPRegen 0.93/turn               (no ring)
MPRegen 0.12/turn               (no ring)

@: no status effects
A: high MP 1, forlorn, divine attributes
a: no special abilities


You were on level 4 of the Dungeon.
You visited 1 branch of the dungeon, and saw 5 of its levels.

You collected 152 gold pieces.

Inventory:

Hand Weapons
 a - a +0 halberd (weapon)
 b - a +0 hunting sling
 o - a +0 spear
 t - a +1 long sword of venom
Missiles
 d - 5 boomerangs of dispersal
 e - 4 boomerangs (quivered)
 f - 35 sling bullets
 l - a poisoned dart
Armour
 h - a +0 leather armour (worn)
 n - a +0 pair of gloves (worn)
 s - the +0 hat of Paranoia (worn) {Rampage rF+ Regen+ Str-4}
   (You found it on level 3 of the Dungeon)

   Str:       It affects your strength (-4).
   rF:        It protects you from fire.
   Regen:     It increases your rate of health regeneration.
   Rampage:   It bestows one free step when moving towards enemies.
Magical Staves
 i - a staff of air
Scrolls
 c - a scroll of blinking
 g - 4 scrolls of identify
 k - a scroll of enchant weapon {unknown}
 p - 2 scrolls of teleportation {unknown}
 q - a scroll of torment {unknown}
 r - a scroll of holy word {unknown}
Potions
 j - a potion of curing
 m - a potion of cancellation {unknown}
 u - 2 potions of mutation {unknown}


   Skills:
 - Level 1.7 Fighting
 * Level 5.4 Polearms
 - Level 0.8 Throwing
 - Level 0.8 Armour
 - Level 1.7 Dodging
 - Level 1.7 Spellcasting
 + Level 3.4 Translocations


You had 2 spell levels left.
You knew the following spells:

 Your Spells              Type           Power      Damage    Failure   Level
a - Blink                 Tloc           22%        N/A       11%         2
b - Teleport Other        Tloc           11%        N/A       21%         3

Your spell library contained the following spells:

 Spells                   Type           Power      Damage    Failure   Level
 Gell's Gravitas          Tloc           11%        N/A       21%         3
 Lesser Beckoning         Tloc           11%        N/A       21%         3
 Ozocubu's Armour         Ice            1%         N/A       65%         3
 Manifold Assault         Tloc           11%        N/A       88%         5
 Metabolic Englaciation   Hex/Ice        0%         N/A       100%        5
 Simulacrum               Ice/Necr       0%         N/A       100%        6


Dungeon Overview and Level Annotations

Branches:
Dungeon (5/15)
 Temple: D:4-7

Annotations:
D:3 Sigmund


Innate Abilities, Weirdness & Mutations

You have an increased reservoir of magic. (+10% MP)
You shall have no god before yourself.
Your divine heritage dramatically boosts your attributes as you level up.


Message History

Unknown command.
You barely miss the orc priest. The orc priest closely misses you.
Unknown command.
You puncture the orc!
You kill the orc!
The orc priest calls down the wrath of Beogh upon you.
Beogh smites you!
Unknown command.
You rampage towards the orc priest!
You barely miss the orc priest.
The orc priest casts a cantrip, but nothing happens.
Unknown command.
You barely miss the orc priest.
The orc priest mumbles some strange prayers to Beogh against you.
You struggle to resist.
Unknown command.
You barely miss the orc priest.
The orc priest looks braver for a moment.
The orc priest misses you.
Unknown command.
You hit the orc priest but do no damage.
The orc priest barely misses you.
Unknown command.
You closely miss the orc priest.
The orc priest casts a cantrip, but nothing happens.
Unknown command.
You barely miss the orc priest.
The orc priest mumbles some strange prayers to Beogh against you.
Pain shoots through your body!
Unknown command.
You puncture the orc priest!
The orc priest is severely wounded.
The orc priest misses you.
The orc priest mumbles some strange prayers to Beogh against you.
Beogh smites you!
Unknown command.
You barely miss the orc priest.
The orc priest is severely wounded.
The orc priest mumbles some strange prayers to Beogh against you.
Beogh smites you!
You die...

#.# #######.#.#
###.##########.#.#
#..............#.#
#.######.#######..
#.# #.# #.# #.#
#.# ..# #)# #.#
..# #)# #.# ..#
#@# #.# #..# #o#
..# ... ..# ..$..
.#.#### #.#. # ..
##


You could see an orc priest.

Vanquished Creatures
  A centaur zombie (D:3)
  A jelly (D:4)
  A hound (D:4)
  An orc wizard (D:4)
  8 gnolls
  2 adders (D:3)
  A worm (D:2)
  A dart slug (D:1)
  5 orcs
  7 bats (D:1)
  7 endoplasms
  6 goblins
  6 hobgoblins
  A quokka (D:1)
  6 ball pythons
  3 frilled lizards (D:1)
  7 kobolds (D:1)
  8 rats
72 creatures vanquished.

Notes
Turn   | Place    | Note
-------+----------+-------------------------------------------
     0 | D:1      | drugrobin the Demigod Warper began the quest for the Orb.
     0 | D:1      | Reached XP level 1. HP: 17/17 MP: 5/5
    31 | D:1      | Reached skill level 2 in Polearms
   551 | D:1      | Reached XP level 2. HP: 24/24 MP: 7/7
  1014 | D:1      | Reached skill level 3 in Polearms
  1505 | D:1      | Reached XP level 3. HP: 29/29 MP: 8/8
  1519 | D:1      | Learned a level 2 spell: Blink
  2271 | D:2      | Learned a level 3 spell: Teleport Other
  2818 | D:2      | Reached skill level 4 in Polearms
  2941 | D:2      | Reached XP level 4. HP: 36/36 MP: 9/9
  3907 | D:3      | Noticed a black bear
  4875 | D:3      | Reached skill level 5 in Polearms
  4875 | D:3      | Reached XP level 5. HP: 39/41 MP: 10/10
  4906 | D:3      | Identified the +0 hat of Paranoia {Rampage rF+ Regen+
                  | Str-4}
  4924 | D:3      | Noticed Sigmund
  5078 | D:4      | Noticed a black bear
  5119 | D:5      | Entered Level 5 of the Dungeon
  5290 | D:4      | Killed from afar by an orc priest

Illustrated notes

Levels and vault maps discovered:
D:1:      minmay_arrival_stone_box, layout_loops_ring, minmay_tetromino_o4
D:2:      layout_loops_ring, grunt_decor_cap
D:3:      minmay_evil_eye, layout_basic, overflow_temple_1_default,
          grunt_temple_overflow_cloverleaf,
          hellmonk_ecumenical_altar_leap_of_faith, uniq_sigmund
D:4:      layout_loops_ring
D:5:      layout_cave_pools, minmay_temple_entry_crystal_x, uniq_prince_ribbit1,
          uniq_edmund

Skill      XL: |  1  2  3  4 |
---------------+-------------+-----
Polearms       | 2 3 4 5 |  5.4
Translocations | 3 |  3.4
Fighting       | |  1.7
Throwing       | |  0.8
Armour         | |  0.8
Dodging        | |  1.7
Spellcasting   | |  1.7

Action                   |  1- 3 |  4- 6 || total
-------------------------+-------+-------++-------
Melee: Spear             |   163 |       ||   163
       Halberd           |     2 |   102 ||   104
       Punch             |     1 |       ||     1
       Long sword        |       |     1 ||     1
 Fire: Hunting sling     |    30 |     1 ||    31
Throw: Boomerang         |     4 |    17 ||    21
       Dart              |       |     3 ||     3
 Cast: Teleport Other    |       |     3 ||     3
       Blink             |       |     1 ||     1
  Use: Scroll            |     1 |       ||     1
 Stab: Distracted        |     1 |       ||     1
Armor: Leather armour    |    42 |    36 ||    78
Dodge: Dodged            |    77 |    65 ||   142

Table legend: (Time is in decaauts)
 A = Elapsed time spent in this place.
 B = Non-inter-level travel time spent in this place.
 C = Inter-level travel time spent in this place.
 D = Time resting spent in this place.
 E = Time spent auto-exploring this place.
 F = Levels seen in this place.
 G = Mean time per level.
                   A        B        C        D        E       F      G
               +--------+--------+--------+--------+--------+-----+--------+
         Total |   5315 |   5207 |    108 |   1023 |   2764 |   5 | 1063.0 |
       Dungeon |   5315 |   5207 |    108 |   1023 |   2764 |   5 | 1063.0 |
               +--------+--------+--------+--------+--------+-----+--------+

Top non-repeatable levels by time:
     D:1: 1983 daAuts
     D:3: 1720 daAuts
     D:2: 1344 daAuts
     D:4: 238 daAuts
     D:5: 28 daAuts
